[Event "*** Titled Tuesday Blitz"]
[Site "Chess.com"]
[Date "2020.05.26"]
[Round "2"]
[White "nitpicker"]
[Black "emiliocordova"]
[Result "0-1"]
[WhiteElo "2309"]
[BlackElo "2727"]
[TimeControl "180+1"]
[EndTime "10:17:14 PDT"]
[Termination "emiliocordova won on time"]

1. d4 Nf6 2. c4 c5 3. d5 e6 4. Nc3 exd5 5. cxd5 d6 6. e4 g6 7.
h3 Bg7 8. Nf3 O-O 9. Bd3 Re8 10.
O-O c4 11. Bc2 Na6 12. Be3 Bd7 13. Bd4 b5 14. a3 Nh5 15. Bxg7 Kxg7 16. Qd4+ Qf6 17.
Rad1 Nc5 18. e5 Qf4 19. exd6+ Qxd4 20. Nxd4 a6 21. Nc6 Nf4 22. Rd2 Rac8 23. Ne7 Rb8 24. Na2 Rb6 25. Nc6 Bxc6 26. dxc6 Rxc6 27. Nb4 Rb6 28.
d7 Rd8 29. Rfd1 Rb7 30. g3 Nxh3+ 31. Kg2 Ng5 32. Rd5 Nge6 33. Nc6 Rdxd7 34. Rxd7 Rxd7 35.
Rxd7 Nxd7 36. Nb4 Nec5 37. Kf3 Ne5+ 38. Ke3 a5 39. Nd5 Ned3 40. b4 axb4 41. axb4 Ne1 0-1

[Event "*** Titled Tuesday Blitz"]
[Site "Chess.com"]
[Date "2020.05.26"]
[Round "2"]
[White "lelya96"]
[Black "White_Ghost"]
[Result "0-1"]
[WhiteElo "2271"]
[BlackElo "2486"]
[TimeControl "180+1"]
[EndTime "10:17:15 PDT"]
[Termination "White_Ghost won by resignation"]

1. e4 e5 2. Nf3 Nc6 3. Bb5 a6 4. Ba4 b5 5. Bb3 Na5 6. c3 Nxb3 7.
axb3 d6 8. O-O Nf6 9. d4 Nxe4 10. dxe5 Bb7 11. Bf4 d5 12. Nbd2 Be7 13. Nd4 O-O 14. Re1 Bg5 15. Nxe4 dxe4 16. Qd2 h6 17. Bxg5 Qxg5 18.
Qxg5 hxg5 19. f4 gxf4 20. Rf1 Rfe8 21. Rxf4 Rxe5 22. Raf1 f6 23. Rg4 e3 24. Ne2 Rd8 25. Re1 Rd2 26. b4 Rxb2 27. Kf1 Rf5+ 28. Kg1 Rf2 29.
Nd4 Rxg2+ 30. Rxg2 Rxg2+ 31. Kf1 e2+ 32. Rxe2 Rxe2 33.
Kxe2 Kf7 34. Ke3 g6 35. Nb3 Ke7 36. Nc5 Bc8 37. Kf4 g5+ 38. Kf3 Kd6 39. Ne4+ Ke5 40. Nc5 f5 41. h3 g4+ 42. hxg4 fxg4+ 43. Ke3 Kd5 44. Kf4 Kc4 45. Ne4 Bb7 46. Nc5 Bc8 47. Ne4 c5 48. Nxc5 Kxc3 49. Ne4+ Kxb4 50. Nd6 Bd7 51. Ke5 g3 52. Ne4 g2 0-1

[Event "*** Titled Tuesday Blitz"]
[Site "Chess.com"]
[Date "2020.05.26"]
[Round "2"]
[White "pavelalexandru07"]
[Black "SiddharthGMJagadeesh"]
[Result "0-1"]
[WhiteElo "2140"]
[BlackElo "2408"]
[TimeControl "180+1"]
[EndTime "10:17:15 PDT"]
[Termination "SiddharthGMJagadeesh won by resignation"]

1. e4 e5 2. Nf3 Nc6 3. Bb5 Nf6 4. O-O Nxe4 5. d4 Nd6 6. dxe5 Nxb5 7. a4 d6 8. axb5 Nxe5 9. Re1 Be7 10. Nxe5 dxe5 11.
Qxd8+ Kxd8 12. Rxe5 Be6 13. Nc3 Bf6 14. Bg5 Ke7 15.
Bxf6+ Kxf6 16. Rc5 Rhc8 17. Re1 a6 18. Ne4+ Ke7 19.
Ng5 Kd6 20. Rce5 Re8 21. bxa6 Rxa6 22. Nxe6 Rxe6 23. Rxe6+ fxe6 24. Kf1 Ra2 25. Rb1 Kc5 26. Ke2 Kd4 27. Kd2 c5 28. f3 c4 29. c3+ Kd5 30. Ke3 e5 31. g3 b5 32. Rd1+ Kc5 33. Rb1 b4 34. cxb4+ Kxb4 35. Ke4 Kb3 36. Kxe5 Rxb2 37. Re1 c3 38. Kd4 c2 39. Re3+ Ka2 40. Rc3 Kb1 41. Ke5 c1=Q 42. Rxc1+ Kxc1 43. h4 Rb3 44. Ke6 Rxf3 0-1

[Event "*** Titled Tuesday Blitz"]
[Site "Chess.com"]
[Date "2020.05.26"]
[Round "2"]
[White "manmanlai1"]
[Black "Gromes7"]
[Result "1-0"]
[WhiteElo "2364"]
[BlackElo "2012"]
[TimeControl "180+1"]
[EndTime "10:17:16 PDT"]
[Termination "manmanlai1 won by resignation"]

1. e4 c5 2. Nf3 d6 3. Bb5+ Nd7 4. d4 cxd4 5. Qxd4 a6 6. Bxd7+ Bxd7 7. O-O Nf6 8. Nbd2 Rc8 9. c4 g6 10. Qd3 Bg7 11.
a4 O-O 12. a5 Qc7 13. Ra3 Bc6 14. b3 Nd7 15. Re1 Ne5 16. Nxe5 dxe5 17. Bb2 Rfd8 18. Qe2 Rd7 19. Raa1 Rcd8 20. Nf1 Rd3 21. Qc2 b6 22. axb6 Qxb6 23. Bc3 Qb7 24. f3 f5 25. exf5 Rxc3 26.
Qxc3 gxf5 27. Rxe5 Bxe5 28. Qxe5 Qxb3 29. Qe6+ Kh8 30.
Qxc6 Qb2 31. Qa4 Qd4+ 32. Kh1 Qf2 33. Qa2 Rg8 34. Qxf2 1-0

[Event "*** Titled Tuesday Blitz"]
[Site "Chess.com"]
[Date "2020.05.26"]
[Round "2"]
[White "wnstop"]
[Black "Tesla37"]
[Result "0-1"]
[WhiteElo "2583"]
[BlackElo "2959"]
[TimeControl "180+1"]
[EndTime "10:17:17 PDT"]
[Termination "Tesla37 won by resignation"]

1. e4 c5 2. Nf3 e6 3. d4 cxd4 4.
Nxd4 Nc6 5. Nc3 a6 6. Nxc6 bxc6 7. Bd3 d5 8. O-O Nf6 9. Qf3 Be7 10. Bf4 O-O 11. Rad1 Bb7 12. Qh3 g6 13. Bh6 Re8 14. Kh1 c5 15. f4 d4 16. e5 Nd5 17. Nxd5 Qxd5 18. b3 Rad8 19. Rde1 Qd7 20. f5 exf5 21. Bxf5 Qc6 22. Be4 Qc7 23. Bxb7 Qxb7 24. Rxf7 Kxf7 25.
Rf1+ Kg8 26. Qe6+ Kh8 27. Rf7 Qd5 28. Bg7+ Kg8 29. Rf8+ Kxg7 30. Rg8+ Rxg8 31. Qxe7+ Kh8 32. Qf6+ Rg7 0-1

[Event "*** Titled Tuesday Blitz"]
[Site "Chess.com"]
[Date "2020.05.26"]
[Round "2"]
[White "BLITZMASTER"]
[Black "ViktoriyaTarasova"]
[Result "1-0"]
[WhiteElo "2484"]
[BlackElo "2270"]
[TimeControl "180+1"]
[EndTime "10:17:17 PDT"]
[Termination "BLITZMASTER won by resignation"]

1. e4 e5 2. Nf3 Nc6 3. Bb5 Nf6 4. O-O Nxe4 5. Qe2 Nd6 6. Bxc6 dxc6 7. Qxe5+ Be7 8.
Qxg7 Bf6 9. Re1+ Be6 10. Qh6 Qe7 11. d3 Rg8 12. Nbd2 O-O-O 13. Ne4 Nxe4 14. dxe4 Bg4 15. Qf4 Bh8 16. c3 Rd6 17. e5 Rdg6 18. Nd4 c5 19. Nc2 Bh3 20. g3 Re6 21. Bd2 Bxe5 22. Qf3 Bg4 23.
Qg2 Bd6 24. Rxe6 Qxe6 25. Ne3 Bh5 26. Qd5 Qh3 27. Qf5+ Qxf5 28. Nxf5 Kd7 29. Re1 Bg6 30. Nxd6 cxd6 31. Bf4 d5 32. Re5 Kc6 33. h4 h5 34.
Re7 Rd8 35. Rc7+ Kb6 36. Kf1 d4 37. Re7 d3 38. Bc7+ Kc6 39. Bxd8 d2 40. Ke2 1-0

[Event "*** Titled Tuesday Blitz"]
[Site "Chess.com"]
[Date "2020.05.26"]
[Round "2"]
[White "Fortitudine"]
[Black "kushagramohan"]
[Result "0-1"]
[WhiteElo "2302"]
[BlackElo "2674"]
[TimeControl "180+1"]
[EndTime "10:17:18 PDT"]
[Termination "kushagramohan won on time"]

1. d4 Nf6 2. Nc3 d5 3. Bg5 Nbd7 4. e3 g6 5. Nf3 Bg7 6. Be2 O-O 7. O-O c6 8. Re1 Nb6 9. b3 Ne4 10. Nxe4 dxe4 11.
Nd2 f5 12. c4 Nd7 13. h4 h6 14.
Bf4 e5 15. dxe5 Qxh4 16. Nb1 Nxe5 17. Nd2 Be6 18. Qc2 Rad8 19. Rad1 Nd3 20. Bxd3 Rxd3 21.
Bg3 Qf6 22. Nf1 Rfd8 23. Rxd3 exd3 24. Qd2 Qc3 25. Rd1 Qxd2 26. Nxd2 Bc3 27. f3 b5 28.
cxb5 cxb5 29. Be1 a5 30. Kf2 a4 31. bxa4 bxa4 32. e4 Bxa2 33. exf5 gxf5 34. Nf1 Bxe1+ 35. Kxe1 Bb3 36. Ra1 f4 37. Nd2 Re8+ 38. Ne4 Bc2 39.
Kd2 Rb8 40. Nf6+ Kf7 41. Nd7 Rg8 42. Ne5+ Ke6 0-1

[Event "*** Titled Tuesday Blitz"]
[Site "Chess.com"]
[Date "2020.05.26"]
[Round "2"]
[White "PawnEatingZombie"]
[Black "ShahMatKanal"]
[Result "0-1"]
[WhiteElo "2245"]
[BlackElo "2457"]
[TimeControl "180+1"]
[EndTime "10:17:18 PDT"]
[Termination "ShahMatKanal won on time"]

1. d4 d5 2. c4 e6 3. Nc3 Nf6 4. cxd5 exd5 5. Bg5 c6 6. e3 Qb6 7. Bxf6 Qxb2 8. Qc1 Qxc1+ 9. Rxc1 Ba3 10. Bxg7 Rg8 11. Nxd5 Rxg7 12. Rc3 Bd6 13. a3 Nd7 14. Nb4 Nb6 15.
Nd3 Be6 16. Nc5 Bc8 17. Nf3 Nd5 18. Rc1 b6 19. Ne4 Bxa3 20. Rb1 Bf5 21. Bd3 O-O-O 22.
Ke2 Kb7 0-1

[Event "*** Titled Tuesday Blitz"]
[Site "Chess.com"]
[Date "2020.05.26"]
[Round "2"]
[White "Future2700"]
[Black "BikingBrian"]
[Result "0-1"]
[WhiteElo "2423"]
[BlackElo "2234"]
[TimeControl "180+1"]
[EndTime "10:17:18 PDT"]
[Termination "BikingBrian won by resignation"]

1. e4 c5 2. Nf3 g6 3. d4 cxd4 4. Nxd4 Nc6 5. Nc3 Bg7 6. Be3 Nf6 7. Nxc6 bxc6 8. e5 Ng8 9. Bd4 Qa5 10. Bc4 Bxe5 11.
O-O Nh6 12. Bxe5 Qxe5 13. Re1 Qg7 14. Qd6 Nf5 15. Qf4 O-O 16. g4 Nd6 17. Rxe7 Nxc4 18. Qxc4 d5 19. Qxc6 Bxg4 20. Nxd5 Be6 21. Nc3 Qf6 22. Rc7 Rac8 23. Rxc8 Rxc8 24. Qg2 Rc5 25. Ne4 Qxb2 26. Nxc5 Qxa1+ 27. Qf1 Qxf1+ 28. Kxf1 Bxa2 29. Ke2 Kf8 30. Kd3 Bd5 31. Kd4 Bc6 32. Nd3 Ke7 33.
Kc5 Be4 34. Ne1 Ke6 35. f3 Bb7 36. Kd4 Kf5 37. Ke3 Ke5 38. c4 a5 39. Nd3+ Kd6 40. f4 a4 41. Kd4 a3 42. Nb4 Ke6 43. c5 Kf5 44. Ke3 Kg4 45. c6 Bxc6 46. Nxc6 a2 47.
Ne5+ Kh3 0-1

[Event "*** Titled Tuesday Blitz"]
[Site "Chess.com"]
[Date "2020.05.26"]
[Round "2"]
[White "Korchmar_Vasiliy"]
[Black "GOGIEFF"]
[Result "0-1"]
[WhiteElo "2570"]
[BlackElo "2903"]
[TimeControl "180+1"]
[EndTime "10:17:19 PDT"]
[Termination "GOGIEFF won by resignation"]

1. d4 Nf6 2. c4 g6 3. Nc3 Bg7 4. e4 d6 5. h3 O-O 6. Nf3 e5 7.
d5 a5 8. g4 Na6 9. Be3 Nd7 10. a3 Nb6 11. Rg1 Bd7 12. h4 Nc5 13. b3 Qc8 14. Nd2 a4 15. b4 Nb3 16.
Nxb3 axb3 17. Be2 b2 18. Ra2 Ba4 19. Nxa4 Nxa4 20. Qd3 c6 21. Kd2 cxd5 22. Qxd5 Qc7 23. Rb1 Rfc8 24. Bd1 Qxc4 25. Qxc4 Rxc4 26. Bxa4 Rxa4 27.
Rbxb2 Rxe4 28. f3 Rc4 29. Rc2 d5 30. Rxc4 dxc4 31. b5 Bf8 32. Kc3 f5 33. gxf5 gxf5 34.
h5 Kf7 35. h6 Ke6 36. Bd2 Bxa3 37. Ra1 Bb4+ 0-1

[Event "*** Titled Tuesday Blitz"]
[Site "Chess.com"]
[Date "2020.05.26"]
[Round "2"]
[White "Sankalp_Gupta2003"]
[Black "vanyakuba"]
[Result "1-0"]
[WhiteElo "2706"]
[BlackElo "2471"]
[TimeControl "180+1"]
[EndTime "10:17:19 PDT"]
[Termination "Sankalp_Gupta2003 won by resignation"]

1. e4 d5 2. exd5 Qxd5 3. Nf3 Nf6 4. Be2 Bg4 5. O-O Nc6 6. c4 Qf5 7. d4 O-O-O 8. Be3 e5 9. d5 Bxf3 10.
Bxf3 e4 11. Be2 Ne5 12. Bxa7 Bd6 13. Bd4 Rhe8 14. c5 Bxc5 15. Bxc5 Rxd5 16. Qa4 Rxc5 17. Qa8+ Kd7 18. Qxb7 Nd3 19. Nc3 Nd5 20. Na4 N5f4 21.
Nxc5+ Qxc5 22. Bxd3 Nxd3 23. Rad1 Re5 24. Qb3 Rd5 25. Qc3 Qd6 26. Qxg7 Qe6 27. Qxh7 Kc8 28. Qg8+ Kb7 29. Qg3 f5 30. Qh3 f4 31. Qxe6 1-0

[Event "*** Titled Tuesday Blitz"]
[Site "Chess.com"]
[Date "2020.05.26"]
[Round "2"]
[White "VishnuPrasanna"]
[Black "chenxiaoyuer"]
[Result "1-0"]
[WhiteElo "2640"]
[BlackElo "2314"]
[TimeControl "180+1"]
[EndTime "10:17:19 PDT"]
[Termination "VishnuPrasanna won by checkmate"]

1. e4 c5 2. Nf3 d6 3. b4 cxb4 4.
d4 g6 5. Bd3 Bg7 6. a3 Nc6 7.
axb4 Nxb4 8. Be2 Nf6 9. c3 Nc6 10. O-O O-O 11. Bd3 e5 12. h3 Nh5 13. Bg5 Bf6 14.
Be3 Bg7 15. Nbd2 d5 16. exd5 Qxd5 17. Be4 Qd8 18. d5 Ne7 19. c4 f5 20. Bc2 e4 21. Ng5 h6 22. Ne6 Bxe6 23. dxe6 f4 24. Bc5 Bxa1 25. Nxe4 Qxd1 26. Rxd1 Bg7 27. Bxe7 Rfe8 28.
Rd7 Bf8 29. Bd6 Rxe6 30. c5 Kh8 31. Rxb7 Bxd6 32. Nxd6 Rd8 33. Nf7+ Kg8 34. Nxd8 Re1+ 35. Kh2 g5 36. Bb3+ Kf8 37. Ne6+ Ke8 38. Ba4# 1-0

[Event "*** Titled Tuesday Blitz"]
[Site "Chess.com"]
[Date "2020.05.26"]
[Round "2"]
[White "Mizner"]
[Black "SHIVACalypso"]
[Result "1-0"]
[WhiteElo "2541"]
[BlackElo "2285"]
[TimeControl "180+1"]
[EndTime "10:17:19 PDT"]
[Termination "Mizner won by resignation"]

1. d4 e6 2. c4 Nf6 3. Nc3 Bb4 4. Qc2 b6 5. e4 c5 6. e5 cxd4 7. a3 Bxc3+ 8. bxc3 Ng8 9. cxd4 Bb7 10. Ne2 Ne7 11. Bb2 O-O 12. Ng3 d6 13. exd6 Qxd6 14. Bd3 h6 15. O-O Nd7 16. a4 Nf6 17. Rfe1 Rfd8 18.
a5 Nc6 19. axb6 axb6 20. Rxa8 Rxa8 21. Qc3 Rd8 22. Ne4 Qxd4 23. Nxf6+ gxf6 24. Bh7+ Kg7 25. Qg3+ Kxh7 26. Bxd4 Nxd4 27. Qc7 Ne2+ 28. Kf1 1-0

[Event "*** Titled Tuesday Blitz"]
[Site "Chess.com"]
[Date "2020.05.26"]
[Round "2"]
[White "Stronger1799"]
[Black "TheSodabread"]
[Result "1-0"]
[WhiteElo "2361"]
[BlackElo "2004"]
[TimeControl "180+1"]
[EndTime "10:17:19 PDT"]
[Termination "Stronger1799 won by resignation"]

1. e4 d6 2. d4 Nf6 3. Nc3 Nbd7 4. Nf3 e5 5. Be2 Be7 6. O-O c6 7. Re1 Qc7 8. a4 h6 9. h3 g5 10. d5 Nf8 11. Nh2 Ng6 12. Ng4 Bxg4 13. Bxg4 h5 14.
Bf5 Nf4 15. g3 Rg8 16. gxf4 gxf4+ 17. Kh1 Ng4 18. hxg4 hxg4 19. Bxg4 Bh4 20. Kg2 Qd7 21. Kh3 Qe7 22. Qf3 Qg5 23. Rg1 Qh6 24. Kg2 Ke7 25.
Kf1 Rg7 26. dxc6 bxc6 27. Bf5 Rxg1+ 28. Kxg1 Rg8+ 29. Kf1 Qg5 30. Ke2 Qg1 31. Nd1 Rg2 32. Ra3 Qh2 33. Qh3 Qxh3 34. Rxh3 1-0

[Event "*** Titled Tuesday Blitz"]
[Site "Chess.com"]
[Date "2020.05.26"]
[Round "2"]
[White "moistketchup"]
[Black "Makswolf200817"]
[Result "0-1"]
[WhiteElo "2125"]
[BlackElo "2406"]
[TimeControl "180+1"]
[EndTime "10:17:20 PDT"]
[Termination "Makswolf200817 won on time"]

1. Nf3 d5 2. g3 Nf6 3. Bg2 Bf5 4. O-O c6 5. d4 e6 6. b3 Nbd7 7. c4 h6 8. Nc3 Bb4 9. Bb2 O-O 10. Nh4 Bh7 11.
a3 Bxc3 12. Bxc3 Ne4 13. Bb2 b5 14. f3 Nef6 15. f4 bxc4 16. bxc4 Qa5 17. f5 Rab8 18.
Qc2 dxc4 19. Bc3 Qa6 20. e4 Rfe8 21. Kh1 Rb3 22. Bb4 Ng4 23. Rfc1 Ne3 24. Qe2 exf5 25. e5 Nf8 26. Bf3 Ne6 0-1

[Event "*** Titled Tuesday Blitz"]
[Site "Chess.com"]
[Date "2020.05.26"]
[Round "2"]
[White "CraiggoryC"]
[Black "SlavenPastar"]
[Result "1/2-1/2"]
[WhiteElo "2123"]
[BlackElo "2393"]
[TimeControl "180+1"]
[EndTime "10:17:20 PDT"]
[Termination "Game drawn by repetition"]

1. e4 b6 2. d4 Bb7 3. Bd3 Nf6 4. Nc3 e6 5. Nge2 d5 6. e5 Nfd7 7. Ng3 c5 8. Be3 Nc6 9. Nb5 a6 10. Nd6+ Bxd6 11. exd6 cxd4 12. Nh5 dxe3 13. Qg4 g6 14. Ng7+ Kf8 15. Nxe6+ fxe6 16. fxe3 Kg7 17. O-O Nc5 18. h4 Qxd6 19. h5 Nxd3 20. h6+ Kxh6 21. Qh4+ Kg7 22. Qf6+ Kh6 23. Qh4+ Kg7 24. Qf6+ Kh6 25. Qh4+ 1/2-1/2

[Event "*** Titled Tuesday Blitz"]
[Site "Chess.com"]
[Date "2020.05.26"]
[Round "2"]
[White "MrTattaglia"]
[Black "aNaartjieZA"]
[Result "1-0"]
[WhiteElo "2997"]
[BlackElo "2590"]
[TimeControl "180+1"]
[EndTime "10:17:21 PDT"]
[Termination "MrTattaglia won by resignation"]

1. Nf3 Nf6 2. c4 g6 3. Nc3 Bg7 4. h4 d6 5. d4 c6 6. e4 Bg4 7. Be2 Bxf3 8. Bxf3 e5 9. h5 exd4 10. h6 dxc3 11. hxg7 Rg8 12. Qd4 Qe7 13. Bg5 Nbd7 14. Qxc3 Qe5 15. Qd2 O-O-O 16. O-O-O Nc5 17. Bf4 Qe6 18. Qa5 Qxc4+ 19. Kb1 Nfxe4 20. Rxh7 Nc3+ 21. Qxc3 Qxf4 22. Re1 Qf5+ 23. Ka1 Qd7 24. Qf6 Rde8 25. Rd1 Qe6 26. Qd4 f5 27. Rh8 Kc7 28. Qc3 Qe7 29. Rh7 Qd7 30.
Qa5+ Kb8 31. Qxc5 Qxg7 32. Qxd6+ 1-0

[Event "*** Titled Tuesday Blitz"]
[Site "Chess.com"]
[Date "2020.05.26"]
[Round "2"]
[White "Rozum_Ivan"]
[Black "Bhagya_2312"]
[Result "1-0"]
[WhiteElo "2613"]
[BlackElo "2104"]
[TimeControl "180+1"]
[EndTime "10:17:21 PDT"]
[Termination "Rozum_Ivan won on time"]

1. d4 d5 2. Nf3 Nf6 3. c4 e6 4. g3 Bb4+ 5. Bd2 Be7 6. Bg2 O-O 7. O-O Nbd7 8. Qc2 c6 9. Rd1 b6 10. Bf4 Ba6 11. cxd5 cxd5 12. Ne5 Bb7 13. Nc6 Bxc6 14. Qxc6 Rc8 15. Qb5 Ne4 16. Qd3 Ndf6 17.
f3 Nd6 18. e4 Nc4 19. Qe2 b5 20. e5 Nd7 21. Bc1 a6 22. f4 g6 23. b3 Ncb6 24. Bb2 Nb8 25. Nd2 Rc2 26. Rab1 Bb4 27. Qe3 Qe7 28. Bf1 Rfc8 29. Bd3 Rxd2 30. Rxd2 Bxd2 31.
Qxd2 b4 32. Qf2 a5 33. g4 f5 34. exf6 Qxf6 35. Rf1 N8d7 36. Kh1 a4 37. Qe3 a3 38. Bc1 Nf8 39. Bd2 Qe7 40. f5 gxf5 41. gxf5 Kh8 42. f6 Qf7 43. Bxb4 Ng6 44. Bxa3 Nd7 45.
Bd6 1-0

[Event "*** Titled Tuesday Blitz"]
[Site "Chess.com"]
[Date "2020.05.26"]
[Round "2"]
[White "Swarajan"]
[Black "CroissantNeuf"]
[Result "0-1"]
[WhiteElo "1988"]
[BlackElo "2352"]
[TimeControl "180+1"]
[EndTime "10:17:21 PDT"]
[Termination "CroissantNeuf won by resignation"]

1. d4 Nf6 2. c4 e6 3. Nf3 c5 4. d5 d6 5. Nc3 exd5 6. cxd5 g6 7.
e4 Bg7 8. Be2 O-O 9. O-O a6 10.
a4 Bg4 11. Bf4 Bxf3 12. Bxf3 Ne8 13. Qc2 Nd7 14. Rad1 Rb8 15. Be2 f5 16. exf5 Rxf5 17. Bg3 Bd4 18. Ne4 Ne5 19. Kh1 b5 20. f4 Nc4 21.
Bxc4 bxc4 22. Qxc4 Rxb2 23. Ng5 Nc7 24. Bh4 Qa8 25. Rxd4 Rb4 26. Qe2 Rxd4 27. Qe7 Rxg5 28. Bxg5 Nxd5 29. Qe6+ Kg7 30. f5 gxf5 31. Bh6+ Kh8 32. h3 Qg8 33. Rxf5 Qxe6 0-1

[Event "*** Titled Tuesday Blitz"]
[Site "Chess.com"]
[Date "2020.05.26"]
[Round "2"]
[White "poummba"]
[Black "AminMolaei"]
[Result "0-1"]
[WhiteElo "2485"]
[BlackElo "2728"]
[TimeControl "180+1"]
[EndTime "10:17:22 PDT"]
[Termination "AminMolaei won by resignation"]

1. e4 c5 2. Nf3 g6 3. Nc3 Nc6 4.
d4 cxd4 5. Nxd4 Bg7 6. Be3 Nf6 7. Nxc6 bxc6 8. e5 Nd5 9. Nxd5 cxd5 10. Qxd5 Rb8 11.
Bc4 O-O 12. O-O Qc7 13. f4 d6 14. exd6 exd6 15. Bb3 Re8 16. Rfe1 Bxb2 17. Rad1 Bc3 18. Bd2 Be6 19. Qd3 Bxd2 20. Qxd2 d5 21. Qd4 Rec8 22. Re3 Qc5 23. h3 Rb4 24. Qxc5 Rxc5 25. g3 a5 26. Re5 a4 27. Bxd5 Bxd5 28. Rexd5 Rxc2 29. R5d2 Rbb2 30. Rxc2 Rxc2 31. Ra1 a3 32. Kh1 h5 33. h4 Kg7 34. Kg1 Kf6 35. Kh1 Kf5 36. Kg1 Kg4 0-1

[Event "*** Titled Tuesday Blitz"]
[Site "Chess.com"]
[Date "2020.05.26"]
[Round "2"]
[White "Zakaryan_David"]
[Black "narutosmith"]
[Result "1-0"]
[WhiteElo "2495"]
[BlackElo "2273"]
[TimeControl "180+1"]
[EndTime "10:17:22 PDT"]
[Termination "Zakaryan_David won on time"]

1. d4 Nf6 2. c4 e6 3. Nf3 Bb4+ 4.
Bd2 a5 5. g3 d6 6. Bg2 Nbd7 7. O-O e5 8. Nc3 O-O 9. Qc2 Re8 10. dxe5 dxe5 11. Rfd1 c6 12. Ne4 Nxe4 13.
Qxe4 Nc5 14. Qc2 Bxd2 15. Rxd2 Qc7 16. Ng5 g6 17. Rad1 h6 18. Nf3 Bf5 19. Qc1 a4 20.
Rd6 Ne4 21. R6d3 Qb6 22. c5 Nxc5 23. Qxh6 Ne6 24. Rd6 e4 25. Nh4 Qxb2 26. Rd7 Qg7 27. Nxf5 gxf5 28. Qh3 Qb2 29. Qxf5 1-0

[Event "*** Titled Tuesday Blitz"]
[Site "Chess.com"]
[Date "2020.05.26"]
[Round "2"]
[White "manuellarrea"]
[Black "sergeikim"]
[Result "0-1"]
[WhiteElo "2160"]
[BlackElo "2412"]
[TimeControl "180+1"]
[EndTime "10:17:22 PDT"]
[Termination "sergeikim won on time"]

1. e4 e5 2. Nf3 Nc6 3. Bc4 Bc5 4. c3 Nf6 5. d3 d6 6. O-O O-O 7. Re1 a6 8. a4 Ba7 9. h3 Nh5 10. b4 Qf6 11. Be3 Nf4 12. Bxf4 Qxf4 13. Nbd2 Ne7 14. Nf1 Ng6 15. Ne3 Qf6 16. Kh2 c6 17. Ra2 Nf4 18. Ng1 Be6 19. g3 Ng6 20. Qf3 Qg5 21. Bxe6 fxe6 22.
Qg4 Qe7 23. b5 Rf6 24. Kg2 Raf8 25. bxa6 bxa6 26. h4 Nf4+ 27. gxf4 exf4 28. Nc4 Rg6 29. Qxg6 hxg6 30. Nf3 e5 31. Rb2 Qd7 32. Kf1 Bc5 33.
Ke2 Qc7 34. Reb1 Qd7 35. Rb7 Qh3 36. Rb8 Qg2 37. Rxf8+ Kxf8 38. Rb8+ Ke7 39. Rb7+ Kd8 0-1

[Event "*** Titled Tuesday Blitz"]
[Site "Chess.com"]
[Date "2020.05.26"]
[Round "2"]
[White "Alexandercs432"]
[Black "Artem_Koval"]
[Result "0-1"]
[WhiteElo "2106"]
[BlackElo "2396"]
[TimeControl "180+1"]
[EndTime "10:17:22 PDT"]
[Termination "Artem_Koval won by resignation"]

1. e4 c5 2. Nf3 d6 3. Bb5+ Nd7 4. O-O a6 5. Bd3 e5 6. c3 Ngf6 7. Re1 Be7 8. Bc2 O-O 9. h3 b5 10. d4 cxd4 11. cxd4 Bb7 12. d5 Rc8 13. Nbd2 Qc7 14.
Bd3 Nc5 15. Bf1 h6 16. b4 Na4 17. Nb3 Nc3 18. Qc2 Ncxe4 19. Qxc7 Rxc7 20. Na5 Bxd5 21. a4 Nc3 22. axb5 axb5 23. Be3 Bxf3 24. gxf3 d5 25. Bb6 Rcc8 26. Rac1 Bxb4 27. Nb3 Na4 28. Be3 Bxe1 29. Rxe1 d4 30. Bc1 Nc3 31. Ba3 Rfe8 32. Bg2 Nfd5 33. Nc5 b4 34. Bb2 Rxc5 35. h4 Nf4 36. Bf1 d3 37.
Kh2 d2 38. Ra1 d1=Q 39. Rxd1 Nxd1 40. Ba1 Rc1 41. Bxe5 Rxe5 42. Bh3 Nxh3 43. Kxh3 Nc3 44.
Kg2 b3 45. f4 Rd5 46. f5 b2 0-1

[Event "*** Titled Tuesday Blitz"]
[Site "Chess.com"]
[Date "2020.05.26"]
[Round "2"]
[White "ZarinaShafigullina"]
[Black "PauloFanha"]
[Result "1-0"]
[WhiteElo "2346"]
[BlackElo "1978"]
[TimeControl "180+1"]
[EndTime "10:17:22 PDT"]
[Termination "ZarinaShafigullina won by resignation"]

1. d4 d5 2. Nf3 c6 3. g3 Bf5 4. c4 e6 5. Nc3 h6 6. Bg2 Nd7 7.
O-O Bd6 8. Nd2 Ngf6 9. e4 Nxe4 10. Ndxe4 dxe4 11. Nxe4 Bxe4 12. Bxe4 O-O 13. Bc2 Re8 14. Qd3 Nf8 15. f4 Qd7 16. Be3 Red8 17. Rad1 Be7 18. f5 exf5 19. Rxf5 Bf6 20. b3 Qd6 21. d5 b6 22. Rdf1 cxd5 23. cxd5 Re8 24. Bxh6 Qc5+ 25. Kh1 Rad8 26. Bc1 Re5 27. Rxe5 Bxe5 28.
Qf5 Qxd5+ 29. Be4 Qd6 30. Qxf7+ Kh8 31. Bg5 Rc8 32. Be7 Qg6 33. Bxg6 Nxg6 1-0

[Event "*** Titled Tuesday Blitz"]
[Site "Chess.com"]
[Date "2020.05.26"]
[Round "2"]
[White "pollo2016"]
[Black "GM_dmitrij"]
[Result "0-1"]
[WhiteElo "2580"]
[BlackElo "2931"]
[TimeControl "180+1"]
[EndTime "10:17:23 PDT"]
[Termination "GM_dmitrij won by resignation"]

1. d4 Nf6 2. c4 e6 3. Nc3 Bb4 4.
Bg5 c5 5. d5 d6 6. e3 O-O 7. Bd3 h6 8. Bh4 exd5 9. cxd5 Nbd7 10. Ne2 Ne5 11. Bc2 Ng6 12. Bg3 Nh5 13. a3 Ba5 14. O-O a6 15. Rb1 b5 16. b4 Bb6 17. a4 cxb4 18. Rxb4 Nxg3 19. hxg3 Bc5 20. Rb1 b4 21. Ne4 Qc7 22. Nxc5 Qxc5 23. Rc1 Qb6 24. Bxg6 fxg6 25. Nd4 Bd7 26. Qd3 Kh7 27. Nc6 a5 28. Rc4 Bf5 29. Qb3 Rae8 30. Rfc1 Re4 31. Nd4 Bd7 32. Rc7 Rf7 33. Qb2 Re5 34. Nf3 Rxd5 35. Nd4 Rc5 36. Nb3 Rxc7 0-1

[Event "*** Titled Tuesday Blitz"]
[Site "Chess.com"]
[Date "2020.05.26"]
[Round "2"]
[White "Sammed_Shete"]
[Black "AtabayevSaparmyrat"]
[Result "1-0"]
[WhiteElo "2544"]
[BlackElo "2808"]
[TimeControl "180+1"]
[EndTime "10:17:24 PDT"]
[Termination "Sammed_Shete won by resignation"]

1. e4 c5 2. Nf3 d6 3. d4 cxd4 4. Qxd4 Nf6 5. Be2 Nc6 6. Qe3 g6 7. h3 Bg7 8. O-O O-O 9. Rd1 Qc7 10. c4 Na5 11. e5 dxe5 12. Nxe5 Be6 13. Na3 a6 14. b3 Rfd8 15. Bb2 Nd7 16. Nd3 Bxb2 17. Nxb2 Nc6 18. Nd3 Bf5 19. Nc2 Nde5 20. Nxe5 Bxc2 21. Rxd8+ Rxd8 22. Nxc6 Qxc6 23. Bf3 Qc7 24. Re1 e6 25. Qc3 Bf5 26. c5 Rd3 27. Qb4 Rxf3 28. gxf3 h5 29.
Rd1 Bxh3 30. Qd4 Kh7 31. Qf6 Qxc5 32. Rd8 Qc1+ 33. Kh2 Qc7+ 34. Kxh3 Qxd8 35. Qxd8 1-0

[Event "*** Titled Tuesday Blitz"]
[Site "Chess.com"]
[Date "2020.05.26"]
[Round "2"]
[White "DariaVoit"]
[Black "MacDaddyMac"]
[Result "1-0"]
[WhiteElo "2470"]
[BlackElo "2259"]
[TimeControl "180+1"]
[EndTime "10:17:24 PDT"]
[Termination "DariaVoit won by resignation"]

1. d4 Nf6 2. Nf3 e6 3. c4 b6 4. g3 Bb7 5. Bg2 Be7 6. O-O O-O 7. Qc2 h6 8. Nc3 d5 9. Ne5 c6 10. Rd1 Nbd7 11. e4 Rc8 12. Be3 dxe4 13. Nxe4 Nxe4 14. Bxe4 Nf6 15. Bg2 Qc7 16. Bf4 Bd6 17. Re1 c5 18. dxc5 bxc5 19. Bxb7 Qxb7 20. Rad1 Rfd8 21. b3 Be7 22. Rxd8+ Rxd8 23. Rd1 Nd7 24. h3 Nxe5 25. Rxd8+ Bxd8 26. Bxe5 Qd7 27. Qe2 Bc7 28. Bc3 f6 29. Qe4 Kf7 30. Qa8 Bb6 31. Qf3 Kf8 32. a4 Kf7 33. a5 Bd8 34. a6 Bb6 35. Kg2 Kg6 36. h4 Qc8 37. Qb7 Qxb7+ 38. axb7 Bc7 39.
b4 cxb4 40. Bxb4 Kf7 41. c5 g5 42. hxg5 hxg5 43. c6 e5 44. Ba5 Bb8 45. c7 1-0

[Event "*** Titled Tuesday Blitz"]
[Site "Chess.com"]
[Date "2020.05.26"]
[Round "2"]
[White "Willychess95"]
[Black "BogdanDeac"]
[Result "1-0"]
[WhiteElo "2600"]
[BlackElo "2954"]
[TimeControl "180+1"]
[EndTime "10:17:25 PDT"]
[Termination "Willychess95 won by resignation"]

1. e4 c5 2. Nf3 d6 3. d4 cxd4 4.
Nxd4 Nf6 5. Nc3 a6 6. Bg5 Nbd7 7. Qe2 h6 8. Bh4 g6 9. f4 e5 10. O-O-O exd4 11. Rxd4 Qb6 12. Rd1 g5 13. e5 dxe5 14. fxe5 gxh4 15. exf6+ Qe6 16. Qd2 Bc5 17. Re1 Ne5 18.
Bb5+ axb5 19. Rxe5 Qxe5 20. Re1 Qxe1+ 21. Qxe1+ Be6 22.
Qe5 b6 23. b4 Bxb4 24. Qxb5+ Kf8 25. Qxb4+ Kg8 26. Qe4 Rc8 27. Nd5 Kf8 28. Qb4+ 1-0